 Dungeon Crawl Stone Soup version 0.28-a0-1190-g77e1c55843 (webtiles) character file.

Game seed: 8565171562228927610

623 pokeman the Magician (level 7, -2/38 HPs)
             Began as a Deep Elf Hedge Wizard on Dec 19, 2021.
             Killed by divine providence
             ... invoked by an orc priest
              (9 damage)
             ... on level 4 of the Dungeon.
             The game lasted 00:08:40 (4424 turns).

pokeman the Magician (Deep Elf Hedge Wizard)        Turns: 4424, Time: 00:08:41

Health: -2/38      AC:  5    Str:  7    XL:     7   Next: 22%
Magic:  14/20      EV: 12    Int: 21    God:
Gold:   195        SH:  0    Dex: 14    Spells: 10/21 levels left

rFire   . . .      SeeInvis .   n - +0 war axe (elec)
rCold   . . .      Faith    .   (no shield)
rNeg    + . .      Spirit   .   a - +0 leather armour
rPois   .          Reflect  .   r - +0 helmet
rElec   .          Harm     .   (no cloak)
rCorr   .          Rampage  .   p - +0 pair of gloves
Will    .....                   (no boots)
Stlth   ++........              (no amulet)
HPRegen 0.12/turn               f - ring of positive energy
MPRegen 0.17/turn               (no ring)

@: very slightly contaminated
A: no striking features
a: no special abilities


You were on level 4 of the Dungeon.
You visited 1 branch of the dungeon, and saw 4 of its levels.

You collected 195 gold pieces.

Inventory:

Hand Weapons
 n - a +0 war axe of electrocution (weapon)
Missiles
 b - 20 arrows
 l - 38 bolts
Armour
 a - a +0 leather armour (worn)
 p - a +0 pair of gloves (worn)
 r - a +0 helmet (worn)
Magical Staves
 g - a staff of cold
Jewellery
 f - a ring of positive energy (left hand)
Wands
 m - a wand of polymorph (12)
Scrolls
 d - a scroll of noise {unknown}
 e - a scroll of acquirement {unknown}
 h - a scroll of identify {unknown}
 j - a scroll of silence {unknown}
 k - a scroll of amnesia {unknown}
 q - a scroll of blinking {unknown}
Potions
 c - a potion of berserk rage {unknown}
 i - a potion of haste {unknown}
 o - 2 potions of might {unknown}


   Skills:
 - Level 1.1 Fighting
 - Level 1.0 Armour
 - Level 4.0 Dodging
 + Level 2.8 Stealth
 * Level 7.9 Spellcasting
 + Level 3.8 Conjurations
 - Level 1.1 Summonings
 - Level 1.1 Translocations
 - Level 1.0 Fire Magic
 - Level 2.1 Ice Magic
 - Level 1.1 Air Magic
 + Level 0.0 Poison Magic


You had 10 spell levels left.
You knew the following spells:

 Your Spells              Type           Power      Damage    Failure   Level
a - Magic Dart            Conj           96%        1d7       2%          1
b - Mephitic Cloud        Conj/Pois/Air  15%        N/A       17%         3
c - Call Imp              Summ           12%        N/A       11%         2
d - Blink                 Tloc           24%        N/A       11%         2
e - Conjure Flame         Conj/Fire      18%        6-21      13%         3

Your spell library contained the following spells:

 Spells                   Type           Power      Damage    Failure   Level
 Slow                     Hex            32%        N/A       12%         1


Dungeon Overview and Level Annotations

Branches:
Dungeon (4/15)
 Temple: D:4-7

Altars:
Hepliaklqana

Shops:
D:3 [


Message History

You barely miss the orc. The orc hits you with a +0 mace. x2
You closely miss the orc. The orc barely misses you.
Casting: Magic Dart (safe; 2% risk of failure)
Confirm with . or Enter, or press ? or * to list all spells.
Aiming: Magic Dart (safe; 2% risk of failure)
Press: ? - help, Shift-Dir - straight line, f - orc
Aim: an orc, wielding a +0 mace (100% to hit)
The magic dart hits the orc.
The orc is almost dead.
The orc barely misses you.
Casting: Magic Dart (safe; 2% risk of failure)
Confirm with . or Enter, or press ? or * to list all spells.
Aiming: Magic Dart (safe; 2% risk of failure)
Press: ? - help, Shift-Dir - straight line, f/p - orc
Aim: an orc, wielding a +0 mace (almost dead, 100% to hit)
The magic dart hits the orc.
You kill the orc!
The orc priest mumbles some strange prayers to Beogh against you.
Beogh smites you!
Casting: Magic Dart (safe; 2% risk of failure)
Confirm with . or Enter, or press ? or * to list all spells.
The spell is quite dangerous to miscast (17% risk of failure)!
Continue anyway?
Aiming: Mephitic Cloud (quite dangerous; 17% risk of failure)
Press: ? - help, Shift-Dir - straight line, f - orc priest
Aim: an orc priest, wielding a +0 short sword (chance to affect: 86%)
You miscast Mephitic Cloud.
You are very lightly contaminated with residual magic.
Nothing appears to happen.
Unknown command.
Casting: Mephitic Cloud (quite dangerous; 17% risk of failure)
Confirm with . or Enter, or press ? or * to list all spells.
You blink.
The ogre shouts!
The worm bites you.
* * * LOW HITPOINT WARNING * * *
Unknown command.
You feel stable enough to blink again.
The orc priest calls down the wrath of Beogh upon you.
Beogh smites you!
You die...

#####.#### ##...## #.##. #)#
##.## #.... #.# #.# ####.
#.# #.# #. #.# ##'## #. ##.#
##...## #####. #..#
##.....## #..... ##.##
##.......## #..##.
##...####.@....O..####...#.
#>......'..w......'........
###...####.........####.....
#....## ##.......## #.....
#.#### ##.o...## #.#### #.#
##...## #.# #.# ##'## #.#
##.######## #.# #5#
#.........# #)# #.#


You could see an ogre, a worm and an orc priest.

Vanquished Creatures
  Grinder (D:3)
  3 ogres (D:4)
  An orc wizard (D:3)
  A howler monkey skeleton (D:4)
  3 adders
  An adder skeleton (D:4)
  5 orcs
  2 bats (D:2)
  7 endoplasms
  6 giant cockroaches
  9 goblins
  7 hobgoblins
  4 jackals (D:3)
  3 quokkas
  5 ball pythons
  3 frilled lizards
  3 kobolds
  4 rats
68 creatures vanquished.

Vanquished Creatures (collateral kills)
  An orc wizard (D:3)
  2 orcs (D:3)
  A goblin (D:4)
  A kobold (D:3)
  A quokka (D:3)
6 creatures vanquished.

Grand Total: 74 creatures vanquished

Notes
Turn   | Place    | Note
-------+----------+-------------------------------------------
     0 | D:1      | pokeman the Deep Elf Hedge Wizard began the quest for the
                  | Orb.
     0 | D:1      | Reached XP level 1. HP: 10/10 MP: 7/7
   398 | D:1      | Reached XP level 2. HP: 16/16 MP: 2/9
  1228 | D:2      | Reached skill level 5 in Spellcasting
  1326 | D:2      | Reached XP level 3. HP: 20/20 MP: 7/11
  1330 | D:2      | Learned a level 3 spell: Mephitic Cloud
  1335 | D:2      | Learned a level 2 spell: Call Imp
  1338 | D:2      | Learned a level 2 spell: Blink
  1342 | D:2      | Learned a level 3 spell: Conjure Flame
  1404 | D:2      | Found a faded altar of an unknown god.
  2531 | D:3      | Reached skill level 1 in Fighting
  2531 | D:3      | Reached skill level 1 in Armour
  2531 | D:3      | Reached XP level 4. HP: 23/25 MP: 3/13
  2995 | D:3      | Noticed Grinder
  3003 | D:3      | Paralysed by Grinder for 5 turns
  3027 | D:3      | Paralysed by Grinder for 2 turns
  3147 | D:3      | Found Laddinor's Antique Armour Shop.
  3260 | D:3      | Reached skill level 1 in Fire Magic
  3263 | D:3      | Reached skill level 6 in Spellcasting
  3503 | D:3      | Reached XP level 5. HP: 29/29 MP: 5/15
  3842 | D:3      | Paralysed by Grinder for 2 turns
  3860 | D:3      | Paralysed by Grinder for 5 turns
  3867 | D:3      | Killed Grinder
  3868 | D:3      | Reached skill level 7 in Spellcasting
  3868 | D:3      | Reached skill level 1 in Ice Magic
  3868 | D:3      | Reached XP level 6. HP: 25/34 MP: 0/18
  4069 | D:4      | Reached skill level 1 in Air Magic
  4069 | D:4      | Reached XP level 7. HP: 35/38 MP: 10/20
  4096 | D:4      | Found a hazy altar of Hepliaklqana.
  4424 | D:4      | Killed from afar by an orc priest

Illustrated notes

Levels and vault maps discovered:
D:1:      psy_arrival_radial01, layout_basic, minmay_liquid_box,
          minmay_small_reverse_x
D:2:      layout_basic, shapermc_ecumenical_altar_mp_vishouse
D:3:      layout_loops_ring, serial_shops, nicolae_shop_hallway_stairs,
          uniq_grinder
D:4:      layout_loops_corners, pdpol_wu_jian_five_deadly_venoms,
          worldfamousw_hep_ancestral_shrine, portal_sewer_entry_e,
          hangedman_decor_push, uniq_robin

Skill      XL: |  1  2  3  4  5  6 |
---------------+-------------------+-----
Spellcasting   | 5 6 7 |  7.9
Fighting       | 1 |  1.1
Armour         | 1 |  1.0
Conjurations   | 2 3 |  3.8
Fire Magic     | 1 |  1.0
Dodging        | 3 4 |  4.0
Ice Magic      | 1 2 |  2.1
Air Magic      | 1 |  1.1
Stealth        | |  2.8
Summonings     | |  1.1
Translocations | |  1.1

Action                   |  1- 3 |  4- 6 |  7- 9 || total
-------------------------+-------+-------+-------++-------
Melee: Dagger            |     1 |       |       ||     1
       Staff             |    19 |    16 |       ||    35
       War axe           |       |    18 |     4 ||    22
 Cast: Magic Dart        |    85 |    74 |    17 ||   176
       Mephitic Cloud    |     1 |     3 |     1 ||     5
       Conjure Flame     |     1 |     1 |     1 ||     3
       Call Imp          |       |     4 |     1 ||     5
       Blink             |       |       |     1 ||     1
 Stab: Sleeping          |     2 |       |       ||     2
       Confused          |       |     4 |       ||     4
Armor: Leather armour    |     9 |    16 |     5 ||    30
Dodge: Dodged            |    31 |    10 |     5 ||    46

Table legend: (Time is in decaauts)
 A = Elapsed time spent in this place.
 B = Non-inter-level travel time spent in this place.
 C = Inter-level travel time spent in this place.
 D = Time resting spent in this place.
 E = Time spent auto-exploring this place.
 F = Levels seen in this place.
 G = Mean time per level.
                   A        B        C        D        E       F      G
               +--------+--------+--------+--------+--------+-----+--------+
         Total |   4444 |   4327 |    117 |      0 |   3485 |   4 | 1111.0 |
       Dungeon |   4444 |   4327 |    117 |      0 |   3485 |   4 | 1111.0 |
               +--------+--------+--------+--------+--------+-----+--------+

Top non-repeatable levels by time:
     D:3: 1635 daAuts
     D:2: 1234 daAuts
     D:1: 1222 daAuts
     D:4: 352 daAuts
